 Dungeon Crawl Stone Soup version 0.25-a0-1133-g93ebf73 (webtiles) character file.

Game seed: 22852257475012620, levelgen mode: deterministic

44 thirtiethelement the Sneak (level 3, -3/24 HPs)
             Began as an Octopode Assassin on May 21, 2020.
             Killed by nerve-wracking pain
             ... invoked by Menkaure
              (13 damage)
             ... on level 2 of the Dungeon.
             The game lasted 00:05:36 (1164 turns).

thirtiethelement the Sneak (Octopode Assassin)      Turns: 1164, Time: 00:05:40

Health: -3/24      AC:  1    Str: 10    XL:     3   Next: 60%
Magic:  3/3        EV: 13    Int: 13    God:
Gold:   27         SH:  0    Dex: 14    Spells: 2/2 levels left

rFire    . . .     SeeInvis .   a - +2 dagger
rCold    . . .     Gourm    .   (no shield)
rNeg     . . .     Faith    .   (helmet restricted)
rPois    .         Spirit   .   (no amulet)
rElec    .         Reflect  .   (no ring)
rCorr    .         Harm     .   (no ring)
MR       .....                  (no ring)
Stlth    ++++......             (no ring)
HPRegen  0.08/turn              (no ring)
MPRegen  0.08/turn              (no ring)
                                (no ring)
                                (no ring)

@: no status effects
A: almost no armour, stealthy swim, amphibious, 8 rings, constrict 8, camouflage
1, gelatinous body 1
a: no special abilities


You were on level 2 of the Dungeon.
You were not hungry.

You visited 1 branch of the dungeon, and saw 2 of its levels.

You collected 27 gold pieces.

Inventory:

Hand Weapons
 a - a +2 dagger (weapon)
Missiles
 b - 7 poisoned darts (quivered)
 c - 2 curare-tipped darts
 k - 2 atropa-tipped darts
Scrolls
 f - a scroll of fear {unknown}
 g - a scroll of teleportation {unknown}
 h - a scroll of magic mapping {unknown}
 j - a scroll of enchant armour {unknown}
Potions
 e - 2 potions of curing {unknown}
 i - a potion of berserk rage {unknown}
Comestibles
 d - 2 rations


   Skills:
 + Level 2.1 Fighting
 + Level 2.2 Short Blades
 + Level 2.1 Throwing
 + Level 1.1 Dodging
 + Level 6.7 Stealth


You had 2 spell levels left.
You didn't know any spells.
Your spell library was empty.

Dungeon Overview and Level Annotations

Branches:
Dungeon (2/15)

Altars:
Kikubaaqudgha
Yredelemnul

Annotations:
D:2 1 transporter, Menkaure


Innate Abilities, Weirdness & Mutations

You cannot wear most types of armour.
You are very stealthy in the water. (Stealth+)
You are amphibious.
You can wear up to eight rings at the same time.
You can use your tentacles to constrict eight enemies at once.
Your skin changes colour to match your surroundings (Stealth+).
Your rubbery body absorbs attacks. (AC +1, EV +1)


Message History

You hit Menkaure.
Menkaure is moderately damaged.
You constrict Menkaure.
Menkaure wails, "Why can't you leave me to my rest?"
Menkaure closely misses you.
You hit Menkaure.
Menkaure is moderately damaged.
You constrict Menkaure, but do no damage.
You hit Menkaure. You squeeze Menkaure.
Menkaure is heavily damaged.
You constrict Menkaure.
Menkaure gestures wildly while chanting.
Menkaure seems to speed up.
You hit Menkaure. You squeeze Menkaure.
Menkaure is severely damaged.
You constrict Menkaure. Menkaure casts a spell at you.
Pain shoots through your body!
Ouch! That really hurt!
You die...

#.. ... # # .. ..# # #.
#. #.# #
#..##.###.####### #
.................# #
...#############.# #
#..#©..........#.# #
#..#}..........#)# #
#..#$.###@###..#.# #
...#_.#8#M#8#..#.## #
...#?..........#..## #
..©#⌠M.(.©.....#©..# ##
#..#[..........#...# #.
# .#_.#8#%#8#..#...# #.
.#$.###.###..#..#######.
.#[ .......#....†.....
.# .......#.#######..


You could see Menkaure (fast).

Vanquished Creatures
  A howler monkey skeleton (D:2)
  3 dart slugs
  An orc (D:2)
  A bat skeleton (D:2)
  A bat zombie (D:2)
  2 giant cockroaches
  4 goblins
  A hobgoblin (D:2)
  3 jackals (D:2)
  3 bats
  4 frilled lizards (D:1)
  2 kobolds (D:1)
26 creatures vanquished.

Notes
Turn   | Place    | Note
-------+----------+-------------------------------------------
     0 | D:1      | thirtiethelement the Octopode Assassin began the quest for
                  | the Orb.
     0 | D:1      | Reached XP level 1. HP: 14/14 MP: 1/1
   301 | D:1      | Reached XP level 2. HP: 12/19 MP: 2/2
   721 | D:2      | Reached skill level 6 in Stealth
   992 | D:2      | Reached XP level 3. HP: 24/24 MP: 3/3
  1033 | D:2      | Found a transporter.
  1039 | D:2      | Noticed Menkaure
  1039 | D:2      | Found an ancient bone altar of Kikubaaqudgha.
  1039 | D:2      | Found a basalt altar of Yredelemnul.
  1042 | D:2      | Found a transporter.
  1164 | D:2      | Killed from afar by Menkaure

Illustrated notes

Levels and vault maps discovered:
D:1:      onia_arrival_pentagram, layout_basic, lemuel_old_faithful
D:2:      layout_loops_ring, gammafunk_temple_of_torment,
          minmay_misc_feat_four_crosses

Skill      XL: |  1  2 |
---------------+-------+-----
Stealth        | 6 |  6.7
Fighting       | |  2.1
Short Blades   | |  2.2
Throwing       | |  2.1
Dodging        | |  1.1

Action                   || total
-------------------------++-------
Melee: Dagger            ||    54
       Constrict         ||    17
       Tentacles         ||    13
Throw: Dart              ||     1
 Stab: Sleeping          ||     6
  Eat: Ration            ||     1
Armor: Skin              ||     4
Dodge: Dodged            ||    43

Table legend:
 A = Non-vault XP
 B = Vault XP
 C = Vault XP percentage of total XP
 D = Non-vault monster count
 E = Vault monster count
 F = Vault count percentage of total count
                 A         B        C        D         E       F
            +---------+---------+-------+---------+---------+-------
      Total |      44 |      19 |  30.2 |      23 |       3 |  11.5
            +---------+---------+-------+---------+---------+-------
        D:1 |      17 |       0 |   0.0 |      11 |       0 |   0.0
        D:2 |      27 |      19 |  41.3 |      12 |       3 |  20.0
            +---------+---------+-------+---------+---------+-------
